Wild vs Predators

Created - October 5 2009 at 18:15

Simulating a Pre-Season

Goals
1 2 3 T
Wild 1 1 1 3
Predators 0 2 0 2
Shots
1 2 3 T
Wild 9 3 10 22
Predators 13 14 4 31

Period #1

1. Wild , Ruslan Salei 2 (Jason Arnott, Chris Mason) at 12:43

Penalties :
Alexei Ponikarovsky (MIN) for Holding (Minor) at 0:58, Mathieu Darche (MIN) for Hooking (Minor) at 1:56, Mathieu Darche (MIN) for Hooking (Minor) at 3:58, Shane Doan (MIN) for Hooking (Minor) at 17:03

Period #2

2. Wild , Milan Michalek 3 (Shane Doan, Bryan McCabe) at 14:08
3. Predators , Patrik Elias 1 (Shea Weber, Jeff Carter) at 14:48
4. Predators , Patrick Eaves 1 (Vernon Fiddler, Daniel Paille) at 19:09

Penalties :
Stephane Robidas (MIN) for Tripping (Minor) at 1:37, Ruslan Salei (MIN) for Holding (Minor) at 2:52, Jonathan Cheechoo (MIN) for Holding (Minor) at 16:45

Period #3

5. Wild , Jonathan Cheechoo 1 (Blair Betts, Stephane Robidas) at 3:42

Penalties :
Alexei Ponikarovsky (MIN) for Hooking (Minor) at 0:39, Alex Burrows (NSH) for Hooking (Minor) at 6:14, Ryan Suter (NSH) for Hooking (Minor) at 6:29, Patrick Eaves (NSH) for Cross-checking (Minor) at 12:34, Shea Weber (NSH) for Hooking (Minor) at 17:47, Shea Weber (NSH) for Interference (Minor) at 19:56

Goalie Stats

Chris Mason (MIN), 29 saves from 31 shots - (0.935), W, 2-0-0, 60:00 minutes
Jean-Sebastien Giguere (NSH), 19 saves from 22 shots - (0.864), L, 0-1-0, 60:00 minutes

Players Stats

Wild
Player Name              G  A  P  +/- PIM S  H  SB FO    MP 
------------------------------------------------------------
Alexei Ponikarovsky      0  0  0  -2  4   1  1  0  0/0   15 
Blair Betts              0  1  1   1  0   0  0  0  12/23 21 
Brad Stuart              0  0  0   0  0   1  1  2  0/0   21 
Bryan McCabe             0  1  1   1  0   0  0  0  0/0   8  
Jason Arnott             0  1  1   2  0   5  0  0  16/29 21 
Jassen Cullimore         0  0  0   0  0   0  0  0  0/0   1  
Jonathan Cheechoo        1  0  1   0  2   3  1  0  0/0   14 
Marian Gaborik           0  0  0  -2  0   4  1  0  2/3   21 
Mathieu Darche           0  0  0   1  4   0  0  0  1/2   18 
Michal Rozsival          0  0  0   1  0   1  2  0  0/0   21 
Milan Michalek           1  0  1   1  0   2  0  0  0/0   17 
Niclas Wallin            0  0  0   1  0   0  0  0  0/0   19 
Olli Jokinen             0  0  0  -1  0   1  2  0  10/21 17 
Philippe Boucher         0  0  0  -1  0   0  1  0  0/0   16 
Ruslan Salei             1  0  1   1  2   1  2  0  0/0   14 
Sean O'Donnell           0  0  0   0  0   0  0  0  0/0   0  
Shane Doan               0  1  1   1  2   1  1  0  1/3   19 
Stephane Robidas         0  1  1   1  2   2  1  0  0/0   20 
Predators
Player Name              G  A  P  +/- PIM S  H  SB FO    MP 
------------------------------------------------------------
Alex Burrows             0  0  0   0  2   5  1  0  0/0   20 
Braydon Coburn           0  0  0  -2  0   0  0  1  0/0   17 
Daniel Paille            0  1  1   1  0   1  0  0  0/0   5  
David Legwand            0  0  0  -3  0   0  0  0  0/1   13 
Derek Morris             0  0  0   0  0   0  1  0  0/0   14 
Jeff Carter              0  1  1   1  0   2  1  1  12/24 20 
Nicklas Backstrom        0  0  0  -3  0   1  1  0  16/28 19 
Patrick Eaves            1  0  1   1  2   2  0  0  0/1   6  
Patrik Elias             1  0  1   1  0   3  3  1  0/0   18 
Ryan Suter               0  0  0   2  2   2  0  2  0/0   22 
Scott Hartnell           0  0  0   0  0   5  2  0  0/0   19 
Shea Weber               0  1  1   1  4   1  1  0  0/0   22 
Simon Gagne              0  0  0   1  0   1  0  0  1/3   17 
Steven Stamkos           0  0  0   0  0   4  0  0  7/13  19 
Tomas Kaberle            0  0  0  -3  0   2  0  0  0/0   22 
Vernon Fiddler           0  1  1   1  0   1  0  1  3/9   8  
Viktor Kozlov            0  0  0  -3  0   1  1  0  0/2   14 
Zbynek Michalek          0  0  0   0  0   0  0  1  0/0   16 

3 Stars

1 - Patrik Elias (NSH)
2 - Milan Michalek (MIN)
3 - Ruslan Salei (MIN)

Power Play

Wild - 0 on 5 Attempt(s) - 0.00%
Predators - 0 on 8 Attempt(s) - 0.00%

Penalty Kill

Wild - 8 on 8 Attempt(s) - 100.00% - Score 0 goal in Penalty Kill
Predators - 5 on 5 Attempt(s) - 100.00% - Score 0 goal in Penalty Kill

Game Notes

No Game Note

Play by Play

Period #1

0:01 of 1st period - Olli Jokinen wins face-off versus Jeff Carter in neutral zone.
0:08 of 1st period - Shot by Marian Gaborik.
0:08 of 1st period - Stopped by Jean-Sebastien Giguere without a rebound.
0:09 of 1st period - Jason Arnott wins face-off versus Viktor Kozlov in Predators zone.
0:22 of 1st period - Icing by Ruslan Salei.
0:23 of 1st period - Jeff Carter wins face-off versus Jason Arnott in Wild zone.
0:27 of 1st period - Simon Gagne is hit by Ruslan Salei and loses puck.
0:49 of 1st period - Shot by Jason Arnott.
0:49 of 1st period - Stopped by Jean-Sebastien Giguere with a rebound.
0:55 of 1st period - Shot by Jason Arnott.
0:55 of 1st period - Stopped by Jean-Sebastien Giguere without a rebound.
0:56 of 1st period - Nicklas Backstrom wins face-off versus Olli Jokinen in Predators zone.
0:58 of 1st period - Minor Penalty to Alexei Ponikarovsky for Holding.
0:59 of 1st period - Nicklas Backstrom wins face-off versus Blair Betts in Wild zone.
1:00 of 1st period - Shot by Steven Stamkos.
1:00 of 1st period - Stopped by Chris Mason without a rebound.
1:01 of 1st period - Nicklas Backstrom wins face-off versus Blair Betts in Wild zone.
1:13 of 1st period - Icing by Ryan Suter.
1:14 of 1st period - Nicklas Backstrom wins face-off versus Jason Arnott in Predators zone.
1:56 of 1st period - Minor Penalty to Mathieu Darche for Hooking.
1:57 of 1st period - Jeff Carter wins face-off versus Blair Betts in Wild zone.
2:21 of 1st period - Shot by Tomas Kaberle.
2:21 of 1st period - Stopped by Chris Mason with a rebound.
2:23 of 1st period - Shot by Simon Gagne.
2:23 of 1st period - Deflect By Patrik Elias.
2:23 of 1st period - Stopped by Chris Mason without a rebound.
2:24 of 1st period - Nicklas Backstrom wins face-off versus Jason Arnott in Wild zone.
2:29 of 1st period - Shot by Alex Burrows.
2:29 of 1st period - Stopped by Chris Mason without a rebound.
2:30 of 1st period - Jason Arnott wins face-off versus Jeff Carter in Wild zone.
3:09 of 1st period - Icing by Ryan Suter.
3:10 of 1st period - Jason Arnott wins face-off versus Nicklas Backstrom in Predators zone.
3:28 of 1st period - Stephane Robidas is hit by Alex Burrows and loses puck.
3:58 of 1st period - Minor Penalty to Mathieu Darche for Hooking.
3:59 of 1st period - Jason Arnott wins face-off versus Jeff Carter in Wild zone.
4:22 of 1st period - Shot by Jeff Carter.
4:22 of 1st period - Stopped by Chris Mason without a rebound.
4:23 of 1st period - Blair Betts wins face-off versus Jeff Carter in Wild zone.
4:23 of 1st period - Blair Betts is hit by Patrik Elias.
5:08 of 1st period - Shot by Marian Gaborik.
5:08 of 1st period - Stopped by Jean-Sebastien Giguere without a rebound.
5:09 of 1st period - Nicklas Backstrom wins face-off versus Olli Jokinen in Predators zone.
5:27 of 1st period - Shot by Ryan Suter.
5:27 of 1st period - Stopped by Chris Mason without a rebound.
5:28 of 1st period - Jason Arnott wins face-off versus Nicklas Backstrom in Wild zone.
5:38 of 1st period - Off-side.
5:39 of 1st period - Nicklas Backstrom wins face-off versus Jason Arnott in neutral zone.
5:46 of 1st period - Shot by Scott Hartnell.
5:46 of 1st period - Stopped by Chris Mason without a rebound.
5:47 of 1st period - Jeff Carter wins face-off versus Blair Betts in Wild zone.
5:52 of 1st period - Shot by Jeff Carter.
5:52 of 1st period - Shot Hit the Post.
5:54 of 1st period - Shot by Shea Weber.
5:54 of 1st period - Stopped by Chris Mason without a rebound.
5:55 of 1st period - Jason Arnott wins face-off versus Nicklas Backstrom in Wild zone.
6:08 of 1st period - Icing by Brad Stuart.
6:09 of 1st period - Olli Jokinen wins face-off versus Nicklas Backstrom in Wild zone.
6:23 of 1st period - Icing by Braydon Coburn.
6:24 of 1st period - Blair Betts wins face-off versus Viktor Kozlov in Predators zone.
7:10 of 1st period - Steven Stamkos is hit by Stephane Robidas and loses puck.
8:02 of 1st period - Scott Hartnell is hit by Michal Rozsival and loses puck.
8:32 of 1st period - Simon Gagne is hit by Shane Doan and loses puck.
9:15 of 1st period - Off-side.
9:16 of 1st period - Blair Betts wins face-off versus Nicklas Backstrom in neutral zone.
11:08 of 1st period - Shot by Marian Gaborik.
11:08 of 1st period - Shot Hit the Post.
11:15 of 1st period - Icing by Alex Burrows.
11:16 of 1st period - Jason Arnott wins face-off versus Steven Stamkos in Predators zone.
11:17 of 1st period - Shot by Jonathan Cheechoo.
11:17 of 1st period - Stopped by Jean-Sebastien Giguere with a rebound.
11:19 of 1st period - Shot by Stephane Robidas.
11:19 of 1st period - Shot Misses the Net.
11:23 of 1st period - Shot by Jason Arnott.
11:23 of 1st period - Shot Misses the Net.
11:25 of 1st period - Shot by Mathieu Darche.
11:25 of 1st period - Shot Misses the Net.
11:27 of 1st period - Shot by Stephane Robidas.
11:27 of 1st period - Stopped by Jean-Sebastien Giguere with a rebound.
11:29 of 1st period - Shot by Jason Arnott.
11:29 of 1st period - Stopped by Jean-Sebastien Giguere without a rebound.
11:30 of 1st period - Jason Arnott wins face-off versus Simon Gagne in Predators zone.
11:33 of 1st period - Shot by Jason Arnott.
11:33 of 1st period - Shot Blocked by Jeff Carter.
11:41 of 1st period - Shot by Patrik Elias.
11:41 of 1st period - Stopped by Chris Mason without a rebound.
11:42 of 1st period - Olli Jokinen wins face-off versus Nicklas Backstrom in Wild zone.
11:51 of 1st period - Shot by Alexei Ponikarovsky.
11:51 of 1st period - Stopped by Jean-Sebastien Giguere without a rebound.
11:52 of 1st period - Jeff Carter wins face-off versus Marian Gaborik in Predators zone.
12:43 of 1st period - Shot by Ruslan Salei.
12:43 of 1st period - Goal by Ruslan Salei - Wild : 1 - Predators : 0.
12:44 of 1st period - Steven Stamkos wins face-off versus Olli Jokinen in neutral zone.
13:06 of 1st period - Shot by Alex Burrows.
13:06 of 1st period - Stopped by Chris Mason without a rebound.
13:07 of 1st period - Nicklas Backstrom wins face-off versus Blair Betts in Wild zone.
13:46 of 1st period - Shot by Tomas Kaberle.
13:46 of 1st period - Shot Misses the Net.
14:55 of 1st period - Alex Burrows is hit by Ruslan Salei and loses puck.
15:05 of 1st period - Icing by Michal Rozsival.
15:06 of 1st period - Jeff Carter wins face-off versus Jason Arnott in Wild zone.
15:54 of 1st period - Icing by Philippe Boucher.
15:55 of 1st period - Marian Gaborik wins face-off versus Nicklas Backstrom in Wild zone.
16:06 of 1st period - Off-side.
16:07 of 1st period - Mathieu Darche wins face-off versus Steven Stamkos in neutral zone.
16:32 of 1st period - Icing by Niclas Wallin.
16:33 of 1st period - Blair Betts wins face-off versus Nicklas Backstrom in Wild zone.
17:03 of 1st period - Minor Penalty to Shane Doan for Hooking.
17:04 of 1st period - Jason Arnott wins face-off versus Jeff Carter in Wild zone.
17:17 of 1st period - Shot by Jeff Carter.
17:17 of 1st period - Shot Misses the Net.
17:19 of 1st period - Shot by Shea Weber.
17:19 of 1st period - Shot Misses the Net.
17:28 of 1st period - Icing by Shea Weber.
17:29 of 1st period - Olli Jokinen wins face-off versus Jeff Carter in Predators zone.
17:43 of 1st period - Shot by Tomas Kaberle.
17:43 of 1st period - Stopped by Chris Mason without a rebound.
17:44 of 1st period - Jason Arnott wins face-off versus Nicklas Backstrom in Wild zone.
18:09 of 1st period - Shot by Scott Hartnell.
18:09 of 1st period - Shot Misses the Net.
18:11 of 1st period - Shot by Alex Burrows.
18:11 of 1st period - Stopped by Chris Mason without a rebound.
18:12 of 1st period - Blair Betts wins face-off versus Jeff Carter in Wild zone.
18:12 of 1st period - Blair Betts is hit by Patrik Elias.
18:29 of 1st period - Icing by Patrik Elias.
18:30 of 1st period - Jeff Carter wins face-off versus Blair Betts in Predators zone.
19:07 of 1st period - Shot by Scott Hartnell.
19:07 of 1st period - Shot Misses the Net.
19:11 of 1st period - Shot by Steven Stamkos.
19:11 of 1st period - Stopped by Chris Mason without a rebound.
19:12 of 1st period - Nicklas Backstrom wins face-off versus Olli Jokinen in Wild zone.
19:31 of 1st period - Icing by Nicklas Backstrom.
19:32 of 1st period - Nicklas Backstrom wins face-off versus Jason Arnott in Predators zone.
19:44 of 1st period - Icing by Michal Rozsival.
19:45 of 1st period - Steven Stamkos wins face-off versus Jason Arnott in Wild zone.

Period #2

0:01 of 2nd period - Olli Jokinen wins face-off versus Jeff Carter in neutral zone.
1:06 of 2nd period - Shot by Viktor Kozlov.
1:06 of 2nd period - Stopped by Chris Mason without a rebound.
1:07 of 2nd period - Blair Betts wins face-off versus Steven Stamkos in Wild zone.
1:13 of 2nd period - Jonathan Cheechoo is hit by Derek Morris and loses puck.
1:37 of 2nd period - Minor Penalty to Stephane Robidas for Tripping.
1:38 of 2nd period - Jason Arnott wins face-off versus Simon Gagne in Wild zone.
1:38 of 2nd period - Jason Arnott is hit by Patrik Elias.
2:52 of 2nd period - Minor Penalty to Ruslan Salei for Holding.
2:53 of 2nd period - Blair Betts wins face-off versus Nicklas Backstrom in Wild zone.
4:55 of 2nd period - Shot by Steven Stamkos.
4:55 of 2nd period - Stopped by Chris Mason without a rebound.
4:56 of 2nd period - Jason Arnott wins face-off versus Steven Stamkos in Wild zone.
5:19 of 2nd period - Shot by Patrik Elias.
5:19 of 2nd period - Shot Blocked by Brad Stuart.
6:11 of 2nd period - Icing by Shane Doan.
6:12 of 2nd period - Shane Doan wins face-off versus Vernon Fiddler in Wild zone.
6:32 of 2nd period - Icing by Patrick Eaves.
6:33 of 2nd period - Vernon Fiddler wins face-off versus Blair Betts in Predators zone.
6:33 of 2nd period - Vernon Fiddler is hit by Jonathan Cheechoo.
7:16 of 2nd period - Icing by Philippe Boucher.
7:17 of 2nd period - Steven Stamkos wins face-off versus Olli Jokinen in Wild zone.
8:40 of 2nd period - Shot by Milan Michalek.
8:40 of 2nd period - Stopped by Jean-Sebastien Giguere without a rebound.
8:41 of 2nd period - Nicklas Backstrom wins face-off versus Olli Jokinen in Predators zone.
8:41 of 2nd period - Nicklas Backstrom is hit by Alexei Ponikarovsky.
8:44 of 2nd period - Viktor Kozlov is hit by Olli Jokinen and loses puck.
9:02 of 2nd period - Tomas Kaberle is hit by Marian Gaborik and loses puck.
9:06 of 2nd period - Off-side.
9:07 of 2nd period - Simon Gagne wins face-off versus Shane Doan in neutral zone.
9:15 of 2nd period - Patrik Elias is hit by Michal Rozsival and loses puck.
9:30 of 2nd period - Shot by Jason Arnott.
9:30 of 2nd period - Stopped by Jean-Sebastien Giguere without a rebound.
9:31 of 2nd period - Blair Betts wins face-off versus David Legwand in Predators zone.
10:41 of 2nd period - Shot by Daniel Paille.
10:41 of 2nd period - Stopped by Chris Mason with a rebound.
10:43 of 2nd period - Shot by Daniel Paille.
10:43 of 2nd period - Deflect By Patrick Eaves.
10:43 of 2nd period - Stopped by Chris Mason without a rebound.
10:44 of 2nd period - Olli Jokinen wins face-off versus Jeff Carter in Wild zone.
11:07 of 2nd period - Shot by Patrik Elias.
11:07 of 2nd period - Shot Blocked by Brad Stuart.
11:11 of 2nd period - Shot by Jeff Carter.
11:11 of 2nd period - Stopped by Chris Mason without a rebound.
11:12 of 2nd period - Steven Stamkos wins face-off versus Jason Arnott in Wild zone.
11:29 of 2nd period - Shot by Steven Stamkos.
11:29 of 2nd period - Deflect By Scott Hartnell.
11:29 of 2nd period - Stopped by Chris Mason without a rebound.
11:30 of 2nd period - Jason Arnott wins face-off versus Nicklas Backstrom in Wild zone.
12:24 of 2nd period - Marian Gaborik is hit by Scott Hartnell and loses puck.
12:30 of 2nd period - Icing by Michal Rozsival.
12:31 of 2nd period - Marian Gaborik wins face-off versus Jeff Carter in Wild zone.
12:47 of 2nd period - Icing by Michal Rozsival.
12:48 of 2nd period - Olli Jokinen wins face-off versus Steven Stamkos in Wild zone.
13:45 of 2nd period - Shot by Simon Gagne.
13:45 of 2nd period - Stopped by Chris Mason without a rebound.
13:46 of 2nd period - Nicklas Backstrom wins face-off versus Shane Doan in Wild zone.
13:46 of 2nd period - Nicklas Backstrom is hit by Brad Stuart.
14:04 of 2nd period - Shot by Shane Doan.
14:04 of 2nd period - Shot Misses the Net.
14:08 of 2nd period - Shot by Milan Michalek.
14:08 of 2nd period - Goal by Milan Michalek - Wild : 2 - Predators : 0.
14:09 of 2nd period - Olli Jokinen wins face-off versus Jeff Carter in neutral zone.
14:28 of 2nd period - Shot by Alexei Ponikarovsky.
14:28 of 2nd period - Shot Misses the Net.
14:44 of 2nd period - Shot by Jeff Carter.
14:44 of 2nd period - Shot Misses the Net.
14:48 of 2nd period - Shot by Patrik Elias.
14:48 of 2nd period - Goal by Patrik Elias - Wild : 2 - Predators : 1.
14:49 of 2nd period - Nicklas Backstrom wins face-off versus Jason Arnott in neutral zone.
16:00 of 2nd period - Shot by Steven Stamkos.
16:00 of 2nd period - Stopped by Chris Mason with a rebound.
16:04 of 2nd period - Shot by Alex Burrows.
16:04 of 2nd period - Deflect By Steven Stamkos.
16:04 of 2nd period - Shot Misses the Net.
16:10 of 2nd period - Shot by Scott Hartnell.
16:10 of 2nd period - Stopped by Chris Mason with a rebound.
16:25 of 2nd period - Milan Michalek is hit by Scott Hartnell and loses puck.
16:45 of 2nd period - Minor Penalty to Jonathan Cheechoo for Holding.
16:46 of 2nd period - Jeff Carter wins face-off versus Blair Betts in Wild zone.
17:45 of 2nd period - Shot by Alex Burrows.
17:45 of 2nd period - Deflect By Nicklas Backstrom.
17:45 of 2nd period - Stopped by Chris Mason with a rebound.
17:49 of 2nd period - Shot by Alex Burrows.
17:49 of 2nd period - Shot Misses the Net.
17:53 of 2nd period - Shot by Alex Burrows.
17:53 of 2nd period - Stopped by Chris Mason with a rebound.
17:55 of 2nd period - Shot by Scott Hartnell.
17:55 of 2nd period - Shot Misses the Net.
19:07 of 2nd period - Shot by Patrick Eaves.
19:07 of 2nd period - Shot Misses the Net.
19:09 of 2nd period - Shot by Patrick Eaves.
19:09 of 2nd period - Goal by Patrick Eaves - Wild : 2 - Predators : 2.
19:10 of 2nd period - Blair Betts wins face-off versus Steven Stamkos in neutral zone.
19:29 of 2nd period - Shot by Scott Hartnell.
19:29 of 2nd period - Stopped by Chris Mason with a rebound.

Period #3

0:01 of 3rd period - Jeff Carter wins face-off versus Olli Jokinen in neutral zone.
0:01 of 3rd period - Jeff Carter is hit by Olli Jokinen.
0:20 of 3rd period - Icing by Philippe Boucher.
0:21 of 3rd period - Nicklas Backstrom wins face-off versus Olli Jokinen in Wild zone.
0:39 of 3rd period - Minor Penalty to Alexei Ponikarovsky for Hooking.
0:40 of 3rd period - Nicklas Backstrom wins face-off versus Blair Betts in Wild zone.
1:07 of 3rd period - Shot by Ryan Suter.
1:07 of 3rd period - Stopped by Chris Mason without a rebound.
1:08 of 3rd period - Jeff Carter wins face-off versus Jason Arnott in Wild zone.
1:09 of 3rd period - Shot by Simon Gagne.
1:09 of 3rd period - Shot Misses the Net.
2:24 of 3rd period - Shot by Alex Burrows.
2:24 of 3rd period - Stopped by Chris Mason with a rebound.
3:38 of 3rd period - Shot by Stephane Robidas.
3:38 of 3rd period - Shot Misses the Net.
3:42 of 3rd period - Shot by Blair Betts.
3:42 of 3rd period - Deflect By Jonathan Cheechoo.
3:42 of 3rd period - Goal by Jonathan Cheechoo - Wild : 3 - Predators : 2.
3:43 of 3rd period - Steven Stamkos wins face-off versus Olli Jokinen in neutral zone.
4:14 of 3rd period - Shot by Scott Hartnell.
4:14 of 3rd period - Stopped by Chris Mason without a rebound.
4:15 of 3rd period - Jeff Carter wins face-off versus Blair Betts in Wild zone.
4:34 of 3rd period - Shot by Jonathan Cheechoo.
4:34 of 3rd period - Shot Blocked by Ryan Suter.
4:36 of 3rd period - Shot by Jonathan Cheechoo.
4:36 of 3rd period - Shot Blocked by Patrik Elias.
4:38 of 3rd period - Shot by Niclas Wallin.
4:38 of 3rd period - Shot Blocked by Ryan Suter.
4:40 of 3rd period - Shot by Stephane Robidas.
4:40 of 3rd period - Shot Misses the Net.
4:44 of 3rd period - Shot by Jonathan Cheechoo.
4:44 of 3rd period - Stopped by Jean-Sebastien Giguere without a rebound.
4:45 of 3rd period - Jason Arnott wins face-off versus Nicklas Backstrom in Predators zone.
4:50 of 3rd period - Shot by Shane Doan.
4:50 of 3rd period - Stopped by Jean-Sebastien Giguere with a rebound.
5:06 of 3rd period - Shot by Shane Doan.
5:06 of 3rd period - Shot Blocked by Braydon Coburn.
5:54 of 3rd period - Shot by Marian Gaborik.
5:54 of 3rd period - Stopped by Jean-Sebastien Giguere with a rebound.
6:02 of 3rd period - Philippe Boucher is hit by Viktor Kozlov and loses puck.
6:14 of 3rd period - Minor Penalty to Alex Burrows for Hooking.
6:15 of 3rd period - Olli Jokinen wins face-off versus Vernon Fiddler in Predators zone.
6:29 of 3rd period - Minor Penalty to Ryan Suter for Hooking.
6:30 of 3rd period - Blair Betts wins face-off versus Vernon Fiddler in Predators zone.
6:44 of 3rd period - Shot by Marian Gaborik.
6:44 of 3rd period - Shot Misses the Net.
6:50 of 3rd period - Shot by Bryan McCabe.
6:50 of 3rd period - Shot Misses the Net.
7:44 of 3rd period - Shot by Ruslan Salei.
7:44 of 3rd period - Shot Misses the Net.
7:46 of 3rd period - Shot by Stephane Robidas.
7:46 of 3rd period - Stopped by Jean-Sebastien Giguere with a rebound.
7:56 of 3rd period - Shot by Jason Arnott.
7:56 of 3rd period - Stopped by Jean-Sebastien Giguere with a rebound.
8:10 of 3rd period - Shot by Jason Arnott.
8:10 of 3rd period - Shot Misses the Net.
8:12 of 3rd period - Shot by Michal Rozsival.
8:12 of 3rd period - Shot Blocked by Vernon Fiddler.
8:14 of 3rd period - Shot by Jason Arnott.
8:14 of 3rd period - Shot Misses the Net.
8:18 of 3rd period - Shot by Bryan McCabe.
8:18 of 3rd period - Shot Misses the Net.
8:20 of 3rd period - Shot by Michal Rozsival.
8:20 of 3rd period - Stopped by Jean-Sebastien Giguere without a rebound.
8:21 of 3rd period - Olli Jokinen wins face-off versus Patrick Eaves in Predators zone.
9:29 of 3rd period - Ryan Suter is hit by Philippe Boucher and loses puck.
11:00 of 3rd period - Shot by Steven Stamkos.
11:00 of 3rd period - Shot Misses the Net.
11:48 of 3rd period - Icing by Zbynek Michalek.
11:49 of 3rd period - Steven Stamkos wins face-off versus Olli Jokinen in Predators zone.
12:34 of 3rd period - Minor Penalty to Patrick Eaves for Cross-checking.
12:35 of 3rd period - Jeff Carter wins face-off versus Jason Arnott in Predators zone.
13:16 of 3rd period - Icing by Jason Arnott.
13:17 of 3rd period - Jason Arnott wins face-off versus Vernon Fiddler in Wild zone.
13:21 of 3rd period - Bryan McCabe is hit by Shea Weber.
13:43 of 3rd period - Shot by Ruslan Salei.
13:43 of 3rd period - Shot Misses the Net.
14:27 of 3rd period - Shot by Patrik Elias.
14:27 of 3rd period - Deflect By Vernon Fiddler.
14:27 of 3rd period - Stopped by Chris Mason without a rebound.
14:28 of 3rd period - Jeff Carter wins face-off versus Blair Betts in Wild zone.
14:37 of 3rd period - Niclas Wallin is hit by Nicklas Backstrom and loses puck.
14:47 of 3rd period - Icing by Jonathan Cheechoo.
14:48 of 3rd period - Blair Betts wins face-off versus Vernon Fiddler in Wild zone.
15:38 of 3rd period - Icing by Brad Stuart.
15:39 of 3rd period - Steven Stamkos wins face-off versus Olli Jokinen in Wild zone.
15:40 of 3rd period - Shot by Alex Burrows.
15:40 of 3rd period - Shot Misses the Net.
15:46 of 3rd period - Shot by Marian Gaborik.
15:46 of 3rd period - Stopped by Jean-Sebastien Giguere without a rebound.
15:47 of 3rd period - Nicklas Backstrom wins face-off versus Jason Arnott in Predators zone.
16:52 of 3rd period - Shot by Olli Jokinen.
16:52 of 3rd period - Stopped by Jean-Sebastien Giguere without a rebound.
16:53 of 3rd period - Blair Betts wins face-off versus Jeff Carter in Predators zone.
17:41 of 3rd period - Marian Gaborik is hit by Jeff Carter and loses puck.
17:47 of 3rd period - Minor Penalty to Shea Weber for Hooking.
17:48 of 3rd period - Vernon Fiddler wins face-off versus Jason Arnott in Predators zone.
19:17 of 3rd period - Shot by Alexei Ponikarovsky.
19:17 of 3rd period - Shot Misses the Net.
19:19 of 3rd period - Shot by Brad Stuart.
19:19 of 3rd period - Shot Misses the Net.
19:21 of 3rd period - Shot by Blair Betts.
19:21 of 3rd period - Shot Blocked by Zbynek Michalek.
19:23 of 3rd period - Shot by Marian Gaborik.
19:23 of 3rd period - Shot Misses the Net.
19:25 of 3rd period - Shot by Brad Stuart.
19:25 of 3rd period - Stopped by Jean-Sebastien Giguere without a rebound.
19:26 of 3rd period - Vernon Fiddler wins face-off versus Mathieu Darche in Predators zone.
19:56 of 3rd period - Minor Penalty to Shea Weber for Interference.
19:57 of 3rd period - Jason Arnott wins face-off versus Vernon Fiddler in Predators zone.


Output by the SimonT Hockey Simulator (STHS) for Stephane Roy -- Original Page W3C XHTML 1.0 Valid